AoeStats
← kingTito7781

Arena

509034847Analyzed
3v3 RM · 8d ago on Sep 25, 2026· 69m 58s· 6 players
Game mode
Random Map
Map size
Normal (6 player)
Population
200
Speed
Normal
Resources
Standard
Victory
Conquest
Starting age
Dark Age
Ending age
Imperial Age
RankedLock teamsTeams togetherTeam positionsShared explorationLock speedFull tech treeHidden civsTurbo modeCheats
Victory
Defeat
🇨🇱 Sicilians · Chile
840
+14
🇨🇱 Franks · Chile
798
+16
🇨🇱 Malians · Chile
749
+18
🇨🇳 Bohemians · China
917
-20
🇺🇸 Cumans · United States
864
-19
🇵🇱 Chinese · Poland
621
-9
elsapokM
11:24 Feudal Age
16:41 Castle Age
15:08 Stone Mining
16:59 Wheelbarrow
34:17 Hand Cart
39:54 Imperial Age
40:24 Onager
41:15 Double-Bit Axe
44:50 Bow Saw
44:41 Gold Mining
50:31 Guilds
50:22 Caravan
51:21 Light Cavalry
52:12 Bloodlines
61:04 Forging
60:55 Scale Mail Armor
61:00 Scale Barding Armor
60:47 Fletching
60:57 Padded Archer Armor
60:46 Town Watch
61:26 Masonry
60:57 Treadmill Crane
61:07 Heated Shot
61:13 Murder Holes
61:11 Guard Tower
61:33 Fortified Wall
62:28 Chemistry
60:51 Siege Onager
60:53 Capped Ram
60:57 Pikeman
61:37 Squires
61:23 Arson
61:00 Man-at-Arms
62:01 Squires
61:49 Arson
61:26 Man-at-Arms
62:01 Heavy Camel Rider
62:02 Cavalier
62:43 Husbandry
62:57 Town Patrol
64:11 Gold Shaft Mining
67:45 Chain Barding Armor
68:07 Iron Casting
kingTito7781
5:59 Loom
12:08 Feudal Age
12:57 Horse Collar
13:04 Double-Bit Axe
15:26 Stone Mining
17:58 Wheelbarrow
17:46 Gold Mining
19:31 Forging
22:14 Scale Mail Armor
32:25 Castle Age
30:34 Man-at-Arms
31:53 Arson
34:03 Hand Cart
34:26 Iron Casting
35:32 Heavy Plow
35:46 Bow Saw
38:16 First Crusade
40:22 Chain Mail Armor
41:07 Murder Holes
42:10 Fletching
45:27 Imperial Age
43:17 Bodkin Arrow
43:48 Ballistics
44:08 Gold Shaft Mining
44:12 Stone Shaft Mining
45:24 Caravan
45:49 Onager
46:36 Gambesons
47:54 Hauberk
50:22 Blast Furnace
49:54 Plate Mail Armor
49:37 Elite Serjeant
53:12 Conscription
53:32 Bracer
53:47 Siege Engineers
53:49 Squires
56:19 Chemistry
64:00 Hoardings
65:27 Guilds
Nergal9964
2:57 Loom
11:32 Feudal Age
15:50 Wheelbarrow
17:54 Castle Age
15:57 Double-Bit Axe
17:32 Padded Archer Armor
17:23 Fletching
19:28 Hand Cart
21:59 Stone Mining
38:40 Imperial Age
38:17 Gold Mining
39:23 Leather Archer Armor
40:03 Bodkin Arrow
41:12 Caravan
42:03 Gold Shaft Mining
45:01 Pikeman
45:04 Cavalier
46:05 Squires
46:27 Paladin
47:08 Husbandry
48:08 Scale Mail Armor
48:20 Forging
48:16 Scale Barding Armor
52:04 Chain Mail Armor
52:25 Iron Casting
56:20 Plate Mail Armor
56:11 Chain Barding Armor
56:52 Blast Furnace
56:22 Conscription
58:50 Plate Barding Armor
61:13 Chivalry
63:56 Chemistry
62:52 Murder Holes
62:38 Treadmill Crane
64:58 Ballistics
64:25 Arrowslits
65:12 Bow Saw
69:55 Ordonnance Companies
Nosrac
10:12 Feudal Age
11:36 Double-Bit Axe
11:35 Horse Collar
18:07 Wheelbarrow
20:55 Castle Age
Victor Gideon
11:45 Feudal Age
12:37 Horse Collar
12:46 Double-Bit Axe
20:38 Castle Age
20:37 Padded Archer Armor
21:34 Crossbowman
22:20 Thumb Ring
23:02 Leather Archer Armor
24:11 Loom
27:47 Bow Saw
27:43 Heavy Plow
27:41 Fletching
30:59 Bodkin Arrow
33:45 Wheelbarrow
33:37 Pikeman
34:25 Squires
42:01 Hand Cart
44:50 Elite Skirmisher
45:29 Light Cavalry
46:20 Bloodlines
52:32 Imperial Age
912113973
2:27 Loom
13:41 Feudal Age
16:06 Double-Bit Axe
16:55 Horse Collar
19:36 Castle Age
20:40 Wheelbarrow
21:35 Heavy Plow
21:47 Bow Saw
24:59 Town Watch
30:58 Chemistry
32:43 Imperial Age
32:46 Chemistry
31:42 Murder Holes
31:45 Elite Skirmisher
32:04 Pikeman
32:46 Squires
33:13 Scale Mail Armor
33:16 Padded Archer Armor
33:58 Conscription
35:13 Masonry
36:26 Fletching
36:53 Leather Archer Armor
36:54 Chain Mail Armor
36:50 Forging
37:34 Architecture
37:58 Halberdier
38:37 Bodkin Arrow
39:13 Ring Archer Armor
40:45 Elite Hussite Wagon
41:27 Bracer
41:58 Plate Mail Armor
42:04 Iron Casting
54:43 Hand Cart
58:03 Blast Furnace
Connection lost

Rejoining the realm…

Still unreachable

The connection could not be restored.

Session expired

The server has moved on; the page needs a fresh start.